AoeStats
← dnespanol3

Arabia

504847304Analyzed
2v2 RM · 26d ago on Sep 6, 2026· 43m 20s· 4 players
Game mode
Random Map
Map size
Medium (4 player)
Population
200
Speed
Normal
Resources
Standard
Victory
Conquest
Starting age
Dark Age
Ending age
Imperial Age
RankedLock teamsTeams togetherTeam positionsShared explorationLock speedFull tech treeHidden civsTurbo modeCheats
Victory
Defeat
🇧🇷 Franks · Brazil
408
+16
394
+17
🇲🇽 Magyars · Mexico
468
-18
🇫🇷 Wei · France
364
-15
JOAO GALO MATADOR DE GENTE
10:35 Feudal Age
11:31 Double-Bit Axe
13:17 Loom
20:32 Castle Age
19:00 Gold Mining
20:19 Horse Collar
20:38 Stone Mining
23:22 Husbandry
23:31 Scale Barding Armor
24:53 Forging
25:10 Chain Barding Armor
26:24 Gold Shaft Mining
28:55 Iron Casting
32:46 Wheelbarrow
34:05 Town Watch
35:58 Bow Saw
39:42 Imperial Age
A K A LITTLE DADDY
11:14 Feudal Age
9:30 Loom
11:49 Double-Bit Axe
12:44 Wheelbarrow
18:58 Gold Mining
23:37 Castle Age
24:15 Scale Mail Armor
24:21 Scale Barding Armor
24:40 Forging
25:35 Gold Shaft Mining
24:51 Stone Mining
27:52 Husbandry
28:30 Caravan
29:06 Elite Skirmisher
30:05 Hand Cart
30:38 Chain Mail Armor
31:55 Coinage
34:22 Iron Casting
34:07 Chain Barding Armor
33:40 Fletching
33:50 Padded Archer Armor
35:05 Bow Saw
34:53 Crossbowman
35:04 Light Cavalry
37:24 Bodkin Arrow
39:22 Pikeman
40:03 Squires
43:46 Imperial Age
Harmattan 05
1:02 Loom
dnespanol3
0:35 Loom
15:05 Feudal Age
15:39 Double-Bit Axe
15:38 Horse Collar
17:22 Wheelbarrow
17:55 Town Watch
20:04 Scale Barding Armor
20:15 Bloodlines
20:14 Arson
27:50 Castle Age
26:13 Scale Mail Armor
28:36 Husbandry
27:57 Light Cavalry
29:54 Chain Barding Armor
29:54 Hand Cart
30:32 Town Patrol
Connection lost

Rejoining the realm…

Still unreachable

The connection could not be restored.

Session expired

The server has moved on; the page needs a fresh start.